 Dungeon Crawl Stone Soup version 0.29-a0-517-gbdf32494f2 (webtiles) character file.

Game seed: 1738360837356519997

102 NateTC the Magician (level 4, -11/24 HPs)
             Began as a Deep Elf Earth Elementalist on May 30, 2022.
             Mangled by an ogre
             ... wielding a +0 giant spiked club
              (35 damage)
             ... on level 4 of the Dungeon.
             The game lasted 00:07:29 (2770 turns).

NateTC the Magician (Deep Elf Earth Elementalist)   Turns: 2770, Time: 00:07:30

Health: -11/24     AC:  3    Str:  5    XL:     4   Next: 50%
Magic:  3/12       EV: 12    Int: 22    God:
Gold:   95         SH:  0    Dex: 15    Spells: 8/12 levels left

rFire   . . .      SeeInvis .   (no weapon)
rCold   . . .      Faith    .   (no shield)
rNeg    . . .      Spirit   .   b - +1 robe
rPois   .          Reflect  .   (no helmet)
rElec   .          Harm     .   (no cloak)
rCorr   .          Rampage  .   (no gloves)
Will    .....                   (no boots)
Stlth   ++........              (no amulet)
HPRegen 0.08/turn               (no ring)
MPRegen 0.13/turn               (no ring)

@: very slightly contaminated
A: no striking features
a: no special abilities


You were on level 4 of the Dungeon.
You visited 1 branch of the dungeon, and saw 4 of its levels.

You collected 95 gold pieces.

Inventory:

Missiles
 a - 49 stones
Armour
 b - a +1 robe (worn)
Wands
 d - a wand of paralysis (6)
 k - a wand of mindburst (23)
Scrolls
 e - a scroll of blinking
 l - a scroll of silence
Potions
 c - a potion of magic
 f - a potion of ambrosia
 g - 2 potions of heal wounds
 h - a potion of curing


   Skills:
 - Level 2.4 Dodging
 - Level 2.4 Stealth
 - Level 4.6 Spellcasting
 * Level 1.7 Conjurations
 - Level 1.1 Transmutations
 - Level 4.6 Earth Magic


You had 8 spell levels left.
You knew the following spells:

 Your Spells              Type           Power      Damage    Failure   Level
a - Sandblast             Erth           50%        2d12      1%          1
b - Stone Arrow           Conj/Erth      38%        3d9       9%          3

Your spell library contained the following spells:

 Spells                   Type           Power      Damage    Failure   Level
 Passwall                 Tmut/Erth      14%        N/A       4%          2
 Petrify                  Tmut/Erth      17%        N/A       32%         4


Dungeon Overview and Level Annotations

Branches:
Dungeon (4/15)
 Temple: D:4-7

Altars:


Message History

You climb downwards.
Found a ring mail.
There is a stone staircase leading up here.
Found 8 gold pieces.
An ogre and a phantom come into view.
You see here a +0 ring mail.
Casting: Sandblast (safe; 1% risk of failure)
Confirm with . or Enter, or press ? or * to list all spells.
The spell is quite dangerous to miscast (9% risk of failure)!
Continue anyway?
Aiming: Stone Arrow (quite dangerous; 9% risk of failure)
Press: ? - help, Shift-Dir - straight line, f - ogre
Aim: an ogre, wielding a +0 giant spiked club (85% to hit)
The stone arrow hits the ogre!
The ogre is moderately wounded.
Casting: Stone Arrow (quite dangerous; 9% risk of failure)
Confirm with . or Enter, or press ? or * to list all spells.
The spell is quite dangerous to miscast (9% risk of failure)!
Continue anyway?
Okay, then.
There are monsters nearby!
Casting: Stone Arrow (quite dangerous; 9% risk of failure)
Confirm with . or Enter, or press ? or * to list all spells.
The spell is quite dangerous to miscast (9% risk of failure)!
Continue anyway?
Aiming: Stone Arrow (quite dangerous; 9% risk of failure)
Press: ? - help, Shift-Dir - straight line, f/p - ogre
Aim: an ogre, wielding a +0 giant spiked club (moderately wounded, 85% to hit)
You miscast Stone Arrow.
You are very lightly contaminated with residual magic.
You feel a surge of energy from the ground.
Casting: Stone Arrow (quite dangerous; 9% risk of failure)
Confirm with . or Enter, or press ? or * to list all spells.
The spell is quite dangerous to miscast (9% risk of failure)!
Continue anyway?
Aiming: Stone Arrow (quite dangerous; 9% risk of failure)
Press: ? - help, Shift-Dir - straight line, f/p - ogre
Aim: an ogre, wielding a +0 giant spiked club (moderately wounded, 85% to hit)
The stone arrow hits the ogre.
The ogre is heavily wounded.
The ogre attacks as you move away!
The ogre hits you with a +0 giant spiked club!!
Ouch! That really hurt!
You die...

...... ......
......# .......
...^...
.......####
........<.#
..........#
.....##@..#
.#.. #O#.# #
#[###
#.W.......
.........#.
............#
#....$.........
..#............
. #............


You could see an ogre and a phantom.

Vanquished Creatures
  3 adders (D:2)
  A worm (D:3)
  A dart slug (D:2)
  3 orcs (D:3)
  7 bats
  8 endoplasms
  3 giant cockroaches (D:1)
  11 goblins
  A hobgoblin (D:2)
  4 jackals (D:2)
  4 quokkas
  8 ball pythons
  3 frilled lizards
  3 kobolds
  A rat (D:2)
61 creatures vanquished.

Vanquished Creatures (others)
  6 fungi (D:1)
  8 plants (D:1)
  10 withered plants (D:1)
24 creatures vanquished.

Grand Total: 85 creatures vanquished

Notes
Turn   | Place    | Note
-------+----------+-------------------------------------------
     0 | D:1      | NateTC the Deep Elf Earth Elementalist began the quest for
                  | the Orb.
     0 | D:1      | Reached XP level 1. HP: 10/10 MP: 6/6
   239 | D:1      | Reached XP level 2. HP: 15/15 MP: 5/8
   506 | D:1      | Found a faded altar of an unknown god.
   916 | D:2      | Reached XP level 3. HP: 19/19 MP: 8/10
  1456 | D:2      | Learned a level 3 spell: Stone Arrow
  1511 | D:2      | Reached XP level 4. HP: 12/24 MP: 7/12
  1851 | D:2      | Reached skill level 1 in Conjurations
  2763 | D:4      | Noticed an ogre
  2763 | D:4      | Noticed a phantom
  2770 | D:4      | Mangled by an ogre

Illustrated notes

Levels and vault maps discovered:
D:1:      giann_forest_graveyard, layout_basic,
          shapermc_ecumenical_altar_flowoftime, dreamdust_mushroom_princess,
          hangedman_decor_points, st_stairs_6
D:2:      layout_basic
D:3:      layout_basic
D:4:      layout_cave_pools, temple_doors_ab, kennysheep_dice

Skill      XL: |  1  2  3  4 |
---------------+-------------+-----
Spellcasting   | 4 |  4.6
Earth Magic    | 4 |  4.6
Conjurations   | 1 |  1.7
Dodging        | |  2.4
Stealth        | |  2.4
Transmutations | |  1.1

Action                   |  1- 3 |  4- 6 || total
-------------------------+-------+-------++-------
Melee: Unarmed           |     6 |    19 ||    25
 Cast: Sandblast         |    55 |    16 ||    71
       Stone Arrow       |     1 |     9 ||    10
Evoke: Wand              |       |     1 ||     1
  Use: Scroll            |     4 |     6 ||    10
 Stab: Paralysed         |       |     2 ||     2
Armor: Robe              |     1 |    15 ||    16
Dodge: Dodged            |     7 |    25 ||    32

Table legend: (Time is in decaauts)
 A = Elapsed time spent in this place.
 B = Non-inter-level travel time spent in this place.
 C = Inter-level travel time spent in this place.
 D = Time resting spent in this place.
 E = Time spent auto-exploring this place.
 F = Levels seen in this place.
 G = Mean time per level.
                   A        B        C        D        E       F      G
               +--------+--------+--------+--------+--------+-----+--------+
         Total |   2769 |   2664 |    105 |    572 |   1307 |   4 |  692.2 |
       Dungeon |   2769 |   2664 |    105 |    572 |   1307 |   4 |  692.2 |
               +--------+--------+--------+--------+--------+-----+--------+

Top non-repeatable levels by time:
     D:2: 1280 daAuts
     D:1: 891 daAuts
     D:3: 587 daAuts
     D:4: 9 daAuts
